TOP OF THE 1ST |
Tulsa Drillers batting - Pitching for Mississippi Braves : RHP Jeff Olech
|
Pitching: RHP Jeff Olech
|
|
Batting: LHB Tony Morales
|
0-0: Ball 1-0: Foul Ball, location: 2F 1-1: Ball 2-1: Ball 3-1: Swinging Strike 3-2: Ground out 3-1 (Groundball, 34, EV 110.6 MPH)
|
Batting: RHB John Piccolo
|
0-0: Ball 1-0: Foul Ball, location: 2F 1-1: Swinging Strike 1-2: Strikes out swinging
|
Batting: RHB Jorge Benites
|
0-0: Ball 1-0: Fly out, F6 (Popup, 6M, EV 61.2 MPH)
|
Top of the 1st over - 0 runs, 0 hits, 0 errors, 0 left on base; Tulsa 0 - Mississippi 0 |
BOTTOM OF THE 1ST |
Mississippi Braves batting - Pitching for Tulsa Drillers : LHP J.P. Blair
|
Pitching: LHP J.P. Blair
|
|
Batting: RHB John Peterson
|
0-0: Ball 1-0: Swinging Strike 1-1: Called Strike 1-2: Foul Ball, location: 2F 1-2: Foul Ball, location: 2F 1-2: SINGLE (Line Drive, 3D, EV 94.4 MPH)
|
Batting: RHB Mike Meeker
|
0-0: Called Strike 0-1: Ball John Peterson steals 2nd base 1-1: Foul Ball, location: 2F 1-2: Strikes out swinging
|
Batting: LHB Erik Gretzky
|
0-0: Ball Wild Pitch! John Peterson to third 1-0: Called Strike 1-1: Ball 2-1: Foul Ball, location: 2F 2-2: Ball 3-2: Base on Balls
|
Batting: RHB Hieronim Rutkowski
|
0-0: Called Strike Erik Gretzky steals 2nd base (no throw) 0-1: Called Strike 0-2: Foul Ball, location: 2F 0-2: SINGLE (Line Drive, 7S, EV 90.6 MPH) John Peterson scores Erik Gretzky to third Runner from 3rd tries for Home, throw by LF and OUT! 7-2
|
Batting: LHB Chad Persaud
|
0-0: Ball 1-0: Ground out U3 (Groundball, 3, EV 83.8 MPH)
|
Bottom of the 1st over - 1 run, 2 hits, 0 errors, 1 left on base; Tulsa 0 - Mississippi 1 |
TOP OF THE 2ND |
Tulsa Drillers batting - Pitching for Mississippi Braves : RHP Jeff Olech
|
Batting: RHB Seth Tramontano
|
0-0: Swinging Strike 0-1: Called Strike 0-2: Ball 1-2: Foul Ball, location: 2F 1-2: Foul Ball, location: 2F 1-2: SINGLE (Groundball, 56, EV 85.6 MPH) (infield hit)
|
Batting: SHB Todd Hewitt
|
0-0: Ball 1-0: Ball 2-0: Ball 3-0: Base on Balls Seth Tramontano to second
|
Batting: RHB Isaiah Yarbrough
|
0-0: Fly out, F5 (Line Drive, 5, EV 66.9 MPH)
|
Batting: RHB Steve Perez
|
0-0: Ball 1-0: Foul Ball, location: 2F 1-1: Ball 2-1: Called Strike 2-2: Foul Ball, location: 2F 2-2: Foul Ball, location: 2F 2-2: DOUBLE (Flyball, 89XD, EV 110.6 MPH) Seth Tramontano scores Todd Hewitt to third
|
Batting: RHB Jerry Sanchez
|
0-0: Reaches on Catchers interference
|
Batting: RHB Mike Dodson
|
0-0: Called Strike 0-1: Called Strike 0-2: Fielders Choice at 2nd, 6-4 (Groundball, 6, EV 82.5 MPH) Todd Hewitt scores Steve Perez to third
|
Batting: LHB Tony Morales
|
0-0: Fielders Choice at 2nd, 5-4 (Groundball, 56, EV 97.5 MPH)
|
Top of the 2nd over - 2 runs, 2 hits, 1 error, 2 left on base; Tulsa 2 - Mississippi 1 |
BOTTOM OF THE 2ND |
Mississippi Braves batting - Pitching for Tulsa Drillers : LHP J.P. Blair
|
Batting: LHB Oke Monti
|
0-0: Ball 1-0: Ball 2-0: Foul Ball, location: 2F 2-1: DOUBLE (Line Drive, 3D, EV 98.8 MPH)
|
Batting: RHB Alex Velasquez
|
0-0: Swinging Strike 0-1: Called Strike 0-2: Ground out 3-1 (Groundball, 34, EV 105.0 MPH) Oke Monti to third
|
Batting: LHB Jon Burgos
|
0-0: Ball 1-0: Called Strike 1-1: Swinging Strike 1-2: Strikes out looking
|
Batting: SHB Juan Aguilar
|
0-0: Foul Ball, location: 2F 0-1: Ground out 6-3 (Groundball, 6D, EV 101.2 MPH)
|
Bottom of the 2nd over - 0 runs, 1 hit, 0 errors, 1 left on base; Tulsa 2 - Mississippi 1 |
TOP OF THE 3RD |
Tulsa Drillers batting - Pitching for Mississippi Braves : RHP Jeff Olech
|
Batting: RHB John Piccolo
|
0-0: Called Strike 0-1: Ball 1-1: Fly out, F7 (Flyball, 78M, EV 83.1 MPH)
|
Batting: RHB Jorge Benites
|
0-0: Ball 1-0: Ball 2-0: Foul Ball, location: 2F 2-1: Foul Ball, location: 2F 2-2: Ground out 6-3 (Groundball, 6, EV 96.2 MPH)
|
Batting: RHB Seth Tramontano
|
0-0: Fly out, F7 (Flyball, 7, EV 98.8 MPH)
|
Top of the 3rd over - 0 runs, 0 hits, 0 errors, 0 left on base; Tulsa 2 - Mississippi 1 |
BOTTOM OF THE 3RD |
Mississippi Braves batting - Pitching for Tulsa Drillers : LHP J.P. Blair
|
Batting: RHB John Peterson
|
0-0: Ball 1-0: Ball 2-0: Ball 3-0: Base on Balls
|
Batting: RHB Mike Meeker
|
0-0: Called Strike John Peterson steals 2nd base (no throw) 0-1: Ball 1-1: Fly out, F4 (Popup, 34D, EV 54.4 MPH)
|
Batting: LHB Erik Gretzky
|
0-0: Foul Ball, location: 2F 0-1: Foul Ball, location: 2F 0-2: Fly out, F9 (Flyball, 89M, EV 92.5 MPH)
|
Batting: RHB Hieronim Rutkowski
|
0-0: SINGLE (Groundball, 4MD, EV 105.6 MPH) John Peterson to third Runner from 3rd tries for Home, SAFE, throw by CF to home Hieronim Rutkowski to second
|
Batting: LHB Chad Persaud
|
0-0: Fly out, F8 (Flyball, 8RD, EV 86.2 MPH)
|
Bottom of the 3rd over - 1 run, 1 hit, 0 errors, 1 left on base; Tulsa 2 - Mississippi 2 |
TOP OF THE 4TH |
Tulsa Drillers batting - Pitching for Mississippi Braves : RHP Jeff Olech
|
Batting: SHB Todd Hewitt
|
0-0: Ball 1-0: Ball 2-0: Foul Ball, location: 2F 2-1: Foul Ball, location: 2F 2-2: Ball 3-2: Foul Ball, location: 2F 3-2: Foul Ball, location: 2F 3-2: DOUBLE (Line Drive, 7LM, EV 91.9 MPH)
|
Batting: RHB Isaiah Yarbrough
|
0-0: Called Strike 0-1: Swinging Strike 0-2: Ball 1-2: SINGLE (Groundball, 4MD, EV 106.9 MPH) Todd Hewitt to third Runner from 3rd tries for Home, SAFE, throw by CF to home
|
Batting: RHB Steve Perez
|
0-0: Ball 1-0: Swinging Strike 1-1: Swinging Strike 1-2: Strikes out swinging
|
Batting: RHB Jerry Sanchez
|
0-0: Ball 1-0: Called Strike 1-1: Fly out, F8 (Line Drive, 89D, EV 94.4 MPH)
|
Batting: RHB Mike Dodson
|
0-0: Ball Isaiah Yarbrough steals 2nd base 1-0: Called Strike 1-1: Fly out, F9 (Flyball, 89M, EV 83.1 MPH)
|
Top of the 4th over - 1 run, 2 hits, 0 errors, 1 left on base; Tulsa 3 - Mississippi 2 |
BOTTOM OF THE 4TH |
Mississippi Braves batting - Pitching for Tulsa Drillers : LHP J.P. Blair
|
Batting: LHB Oke Monti
|
0-0: Ball 1-0: Ball 2-0: Foul Ball, location: 2F 2-1: SINGLE (Groundball, 25, EV 73.8 MPH) (infield hit)
|
Batting: RHB Alex Velasquez
|
0-0: Called Strike 0-1: Ground out 4-3 (Groundball, 4S, EV 63.1 MPH) Oke Monti to second
|
Batting: LHB Jon Burgos
|
0-0: Called Strike 0-1: Swinging Strike 0-2: Ball 1-2: Ball 2-2: Fly out, F8 (Line Drive, 8RD, EV 100.0 MPH)
|
Batting: SHB Juan Aguilar
|
0-0: Called Strike 0-1: Ball 1-1: Ball 2-1: Called Strike 2-2: Ball 3-2: Base on Balls
|
Batting: RHB John Peterson
|
0-0: Called Strike 0-1: Ball 1-1: Ball 2-1: Ball 3-1: Fly out, F3 (Popup, 3, EV 66.2 MPH)
|
Bottom of the 4th over - 0 runs, 1 hit, 0 errors, 2 left on base; Tulsa 3 - Mississippi 2 |
TOP OF THE 5TH |
Tulsa Drillers batting - Pitching for Mississippi Braves : RHP Jeff Olech
|
Batting: LHB Tony Morales
|
0-0: Called Strike 0-1: Foul Ball, location: 2F 0-2: Ball 1-2: Ball 2-2: Foul Ball, location: 2F 2-2: Fly out, F9 (Flyball, 9S, EV 81.9 MPH)
|
Batting: RHB John Piccolo
|
0-0: Ball 1-0: Called Strike 1-1: Ball 2-1: Ball 3-1: Base on Balls
|
Batting: RHB Jorge Benites
|
0-0: Swinging Strike 0-1: Foul Ball, location: 2F 0-2: Ball 1-2: Ball 2-2: Foul Ball, location: 2F 2-2: Strikes out swinging
|
Batting: RHB Seth Tramontano
|
0-0: Ball 1-0: Ball 2-0: Foul Ball, location: 2F 2-1: Called Strike 2-2: Ground out 6-3 (Groundball, 6MS, EV 85.0 MPH)
|
Top of the 5th over - 0 runs, 0 hits, 0 errors, 1 left on base; Tulsa 3 - Mississippi 2 |
BOTTOM OF THE 5TH |
Mississippi Braves batting - Pitching for Tulsa Drillers : LHP J.P. Blair
|
Batting: RHB Mike Meeker
|
0-0: Foul Ball, location: 2F 0-1: Fly out, F7 (Line Drive, 7, EV 86.2 MPH)
|
Batting: LHB Erik Gretzky
|
0-0: Ball 1-0: Foul Ball, location: 2F 1-1: SINGLE (Flyball, 3D, EV 93.1 MPH)
|
Batting: RHB Hieronim Rutkowski
|
0-0: Called Strike 0-1: Ball Erik Gretzky is caught stealing 2nd base 2-4 1-1: Foul Ball, location: 2F 1-2: SINGLE (Groundball, 56D, EV 104.4 MPH)
|
Batting: LHB Chad Persaud
|
0-0: Called Strike 0-1: Foul Ball, location: 2F 0-2: Ground out 6-3 (Groundball, 6S, EV 90.0 MPH)
|
Bottom of the 5th over - 0 runs, 2 hits, 0 errors, 1 left on base; Tulsa 3 - Mississippi 2 |
TOP OF THE 6TH |
Tulsa Drillers batting - Pitching for Mississippi Braves : RHP Jeff Olech
|
Batting: SHB Todd Hewitt
|
0-0: Called Strike 0-1: Ball 1-1: Ball 2-1: Swinging Strike 2-2: Foul Ball, location: 2F 2-2: Ball 3-2: Strikes out looking
|
Pitching: RHP Bryan Vandenburgh
|
|
Batting: RHB Isaiah Yarbrough
|
0-0: DOUBLE (Groundball, 5L, EV 105.6 MPH)
|
Batting: RHB Steve Perez
|
0-0: Called Strike 0-1: Ball 1-1: Ground out 4-3 (Groundball, 4, EV 90.6 MPH) Isaiah Yarbrough to third
|
Batting: RHB Jerry Sanchez
|
0-0: Ball 1-0: Called Strike 1-1: Ball 2-1: Ball 3-1: Base on Balls
|
Batting: RHB Mike Dodson
|
0-0: Swinging Strike 0-1: Foul Ball, location: 2F 0-2: Foul Ball, location: 2F 0-2: Ball 1-2: Strikes out looking
|
Top of the 6th over - 0 runs, 1 hit, 0 errors, 2 left on base; Tulsa 3 - Mississippi 2 |
BOTTOM OF THE 6TH |
Mississippi Braves batting - Pitching for Tulsa Drillers : LHP J.P. Blair
|
Batting: LHB Oke Monti
|
0-0: Ball 1-0: Foul Ball, location: 2F 1-1: Ball 2-1: Ball 3-1: Ground out U3 (Groundball, 3, EV 103.1 MPH)
|
Batting: RHB Alex Velasquez
|
0-0: Ball 1-0: Ground out 4-3 (Groundball, 4, EV 78.1 MPH)
|
Batting: LHB Jon Burgos
|
0-0: Ball 1-0: Called Strike 1-1: Foul Ball, location: 2F 1-2: Strikes out swinging
|
Bottom of the 6th over - 0 runs, 0 hits, 0 errors, 0 left on base; Tulsa 3 - Mississippi 2 |
TOP OF THE 7TH |
Tulsa Drillers batting - Pitching for Mississippi Braves : RHP Bryan Vandenburgh
|
Pitching: LHP Pete McAllister
|
|
Batting: LHB Tony Morales
|
0-0: Ball 1-0: Swinging Strike 1-1: Called Strike 1-2: Ball 2-2: Foul Ball, location: 2F 2-2: Strikes out swinging
|
Batting: RHB John Piccolo
|
0-0: Called Strike 0-1: Foul Ball, location: 2F 0-2: Ball 1-2: Ball 2-2: Ball 3-2: Fly out, F9 (Flyball, 89D, EV 106.9 MPH)
|
Batting: RHB Jorge Benites
|
0-0: Ball 1-0: Called Strike 1-1: Called Strike 1-2: Foul Ball, location: 2F 1-2: DOUBLE (Flyball, 8RXD, EV 101.9 MPH)
|
Batting: RHB Seth Tramontano
|
0-0: Intentional Walk
|
Batting: SHB Todd Hewitt
|
0-0: Swinging Strike 0-1: TRIPLE (Flyball, 89XD, EV 88.8 MPH) Jorge Benites scores Seth Tramontano scores
|
Batting: RHB Isaiah Yarbrough
|
0-0: SINGLE (Groundball, 56, EV 104.4 MPH) (infield hit) Todd Hewitt scores
|
Pitching: RHP Carlos Esquivel
|
|
Batting: RHB Steve Perez
|
0-0: Ball 1-0: Ball Isaiah Yarbrough steals 2nd base (no throw) 2-0: Called Strike 2-1: Foul Ball, location: 2F 2-2: Ball 3-2: Foul Ball, location: 2F 3-2: Base on Balls
|
Batting: RHB Jerry Sanchez
|
0-0: Fly out, F7 (Flyball, 7D, EV 94.4 MPH)
|
Top of the 7th over - 3 runs, 3 hits, 0 errors, 2 left on base; Tulsa 6 - Mississippi 2 |
BOTTOM OF THE 7TH |
Mississippi Braves batting - Pitching for Tulsa Drillers : LHP J.P. Blair
|
Batting: SHB Juan Aguilar
|
0-0: Swinging Strike 0-1: Called Strike 0-2: Ball 1-2: Ball 2-2: Strikes out looking
|
Pitching: RHP Jose Guajardo
|
|
Batting: RHB John Peterson
|
0-0: Foul Ball, location: 2F 0-1: Ball 1-1: Foul Ball, location: 2F 1-2: Ball 2-2: Ball 3-2: Fly out, F8 (Flyball, 89S, EV 77.5 MPH)
|
Batting: RHB Mike Meeker
|
0-0: Ball 1-0: Foul Ball, location: 2F 1-1: Foul Ball, location: 2F 1-2: Ground out 4-3 (Groundball, 4, EV 104.4 MPH)
|
Bottom of the 7th over - 0 runs, 0 hits, 0 errors, 0 left on base; Tulsa 6 - Mississippi 2 |
TOP OF THE 8TH |
Tulsa Drillers batting - Pitching for Mississippi Braves : RHP Carlos Esquivel
|
Batting: RHB Mike Dodson
|
0-0: Foul Ball, location: 2F 0-1: Foul Ball, location: 2F 0-2: Ball 1-2: Ball 2-2: Strikes out swinging
|
Batting: LHB Tony Morales
|
0-0: Ball 1-0: Called Strike 1-1: Ball 2-1: Foul Ball, location: 2F 2-2: Strikes out swinging
|
Batting: RHB John Piccolo
|
0-0: Foul Ball, location: 2F 0-1: Foul Ball, location: 2F 0-2: Ball 1-2: Foul Ball, location: 2F 1-2: Foul Ball, location: 2F 1-2: Ground out 6-3 (Groundball, 6, EV 101.2 MPH)
|
Top of the 8th over - 0 runs, 0 hits, 0 errors, 0 left on base; Tulsa 6 - Mississippi 2 |
BOTTOM OF THE 8TH |
Mississippi Braves batting - Pitching for Tulsa Drillers : RHP Jose Guajardo
|
Batting: LHB Erik Gretzky
|
0-0: Ball 1-0: DOUBLE (Line Drive, 8LXD, EV 105.0 MPH)
|
Batting: RHB Hieronim Rutkowski
|
0-0: Foul Ball, location: 2F 0-1: Ball 1-1: Ball 2-1: Called Strike 2-2: Ground out 4-3 (Groundball, 4MS, EV 93.1 MPH) Erik Gretzky to third
|
Batting: LHB Chad Persaud
|
0-0: Foul Ball, location: 2F 0-1: Ball 1-1: Called Strike 1-2: Foul Ball, location: 2F 1-2: Strikes out swinging
|
Batting: LHB Oke Monti
|
0-0: Ground out U3 (Groundball, 34, EV 103.8 MPH)
|
Bottom of the 8th over - 0 runs, 1 hit, 0 errors, 1 left on base; Tulsa 6 - Mississippi 2 |
TOP OF THE 9TH |
Tulsa Drillers batting - Pitching for Mississippi Braves : RHP Carlos Esquivel
|
Pitching: RHP Josh Thomas
|
|
Batting: RHB Jorge Benites
|
0-0: Foul Ball, location: 2F 0-1: Ground out 3-1 (Groundball, 34S, EV 88.1 MPH)
|
Batting: RHB Seth Tramontano
|
0-0: Ball 1-0: SINGLE (Groundball, 6MD, EV 106.9 MPH)
|
Batting: SHB Todd Hewitt
|
0-0: Ball 1-0: Called Strike 1-1: Foul Ball, location: 2F 1-2: Strikes out swinging
|
Batting: RHB Isaiah Yarbrough
|
0-0: Ball 1-0: Foul Ball, location: 2F 1-1: Ball Seth Tramontano steals 2nd base 2-1: Foul Ball, location: 2F 2-2: SINGLE (Line Drive, 6D, EV 105.6 MPH) Seth Tramontano to third Runner from 3rd tries for Home, SAFE, throw by CF to home
|
Batting: RHB Steve Perez
|
0-0: Called Strike Isaiah Yarbrough steals 2nd base 0-1: Ball 1-1: Ground out U3 (Groundball, 34S, EV 80.0 MPH)
|
Top of the 9th over - 1 run, 2 hits, 0 errors, 1 left on base; Tulsa 7 - Mississippi 2 |
BOTTOM OF THE 9TH |
Mississippi Braves batting - Pitching for Tulsa Drillers : RHP Jose Guajardo
|
Batting: RHB Alex Velasquez
|
0-0: Called Strike 0-1: Foul Ball, location: 2F 0-2: Ball 1-2: Strikes out swinging
|
Batting: LHB Jon Burgos
|
0-0: Ground out U3 (Groundball, 3L, EV 83.8 MPH)
|
Batting: SHB Juan Aguilar
|
0-0: Ball 1-0: Foul Ball, location: 2F 1-1: Swinging Strike 1-2: Strikes out swinging
|
Bottom of the 9th over - 0 runs, 0 hits, 0 errors, 0 left on base; Tulsa 7 - Mississippi 2 |
|